 Dungeon Crawl Stone Soup version 0.22-a0-231-g75390ab (webtiles) character file.

490 gishou the Slasher (level 6, -3/56 HPs)
             Began as a Minotaur Priest on Apr 3, 2018.
             Was a Priest of Zin.
             Killed by nerve-wracking pain
             ... invoked by Grinder
              (9 damage)
             ... on level 4 of the Dungeon.
             The game lasted 00:05:06 (2767 turns).

gishou the Slasher (Minotaur Priest)                Turns: 2767, Time: 00:05:07

Health: -3/56      AC:  8    Str: 21    XL:     6   Next: 90%
Magic:  8/8        EV:  7    Int: 11    God:    Zin [***...]
Gold:   130        SH:  3    Dex: 11    Spells: 5/5 levels left

rFire    + . .     SeeInvis .   a - +0 falchion
rCold    . . .     Gourm    .   p - +0 buckler
rNeg     . . .     Faith    .   d - +0 chain mail
rPois    ∞         Spirit   .   (helmet restricted)
rElec    .         Reflect  .   (no cloak)
rCorr    .         Harm     .   (no gloves)
MR       .....                  (no boots)
Stlth    ..........             (no amulet)
HPRegen  0.18/turn              k - ring of protection from fire
MPRegen  0.11/turn              (no ring)

@: vitalised, drained
A: retaliatory headbutt, horns 2
a: Recite, Vitalisation, Imprison, Donate Gold, Renounce Religion


You were on level 4 of the Dungeon.
You worshipped Zin.
Zin was most pleased with you.
You were not hungry.

You visited 1 branch of the dungeon, and saw 4 of its levels.

You collected 144 gold pieces.
You donated 14 gold pieces to Zin.

Inventory:

Hand Weapons
 a - a +0 falchion (weapon)
Armour
 d - a +0 chain mail (worn)
 p - a +0 buckler (worn)
Jewellery
 b - an uncursed amulet of regeneration {unknown}
 k - a ring of protection from fire (left hand)
Scrolls
 e - 2 scrolls of immolation {unknown}
 f - 2 scrolls of remove curse {unknown}
 h - 4 scrolls of teleportation {unknown}
 m - 3 scrolls of identify {unknown}
 n - 3 scrolls of magic mapping {unknown}
 r - 3 scrolls of amnesia {unknown}
 t - 2 scrolls of enchant armour {unknown}
 v - a scroll of fear {unknown}
Potions
 g - 2 potions of might {unknown}
 i - 2 potions of berserk rage {unknown}
 j - a potion of heal wounds {unknown}
 l - a potion of restore abilities
 o - a potion of mutation {unknown}
 q - 3 potions of flight {unknown}
 s - 2 potions of curing {unknown}
Comestibles
 c - 6 rations
 u - 2 chunks of flesh


   Skills:
 * Level 5.0(4.0) Fighting
 * Level 5.7(4.6) Long Blades
 + Level 2.7(1.7) Armour
 + Level 2.9(1.9) Dodging
 + Level 2.2(1.3) Shields
 + Level 5.1(4.1) Invocations


You had 5 spell levels left.
You didn't know any spells.

Dungeon Overview and Level Annotations

Branches:
Dungeon (4/15)
 Temple: D:4-7

Altars:
Trog

Shops:
D:4 }

Annotations:
D:4 1 runed door, Grinder


Innate Abilities, Weirdness & Mutations

You reflexively headbutt those who attack you in melee.
You have a pair of horns on your head.


Message History

Grinder blinks!
Grinder says, "Tell me all your secrets, or I'll kill you."
You closely miss Grinder. You headbutt Grinder!
Grinder is severely wounded.
Grinder hits you.
You writhe in agony.
* * * LOW HITPOINT WARNING * * *
Grinder hits you.
* * * LOW HITPOINT WARNING * * *
You writhe in agony.
* * * LOW HITPOINT WARNING * * *
You hit Grinder.
Grinder is almost dead.
Grinder blinks!
Grinder says, "DUCK!"
Grinder gestures at you. Pain shoots through your body!
Zin protects you from harm! Grinder gestures at you.
Pain shoots through your body!
You die...

# # #
################## #
#..........§..@5.#
###.##############.#
....# #.# ..#######
#.# ........# #.#
#.#####.# #.#
#.###.#.#### #.#
#.....#....# #.#
#####.####.#######.#


You could see Grinder.

Vanquished Creatures
  The ghost of TwoGrow the Skirmisher, an amateur DrWn of Gozag (D:3)
  A scorpion (D:4)
  A howler monkey (D:4)
  A hound (D:4)
  An orc wizard (D:4)
  An orc priest (D:4)
  A worker ant (D:4)
  An iguana (D:4)
  3 adders
  2 dart slugs (D:2)
  3 leopard geckos
  5 orcs
  9 bats
  3 giant cockroaches (D:2)
  6 goblins
  7 hobgoblins
  10 jackals
  3 quokkas
  4 ball pythons
  6 frilled lizards
  7 kobolds
  5 rats
81 creatures vanquished.

Notes
Turn   | Place    | Note
-------+----------+-------------------------------------------
     0 | D:1      | gishou the Minotaur Priest began the quest for the Orb.
     0 | D:1      | Reached XP level 1. HP: 18/18 MP: 2/2
   268 | D:1      | Reached XP level 2. HP: 18/25 MP: 4/4
   414 | D:1      | Reached ** piety under Zin
   799 | D:2      | Reached skill level 1 in Armour
   799 | D:2      | Reached XP level 3. HP: 27/31 MP: 5/5
  1450 | D:3      | Reached *** piety under Zin
  1457 | D:3      | Noticed TwoGrow's ghost (amateur DrWn)
  1478 | D:3      | Killed TwoGrow's ghost
  1478 | D:3      | Reached skill level 5 in Long Blades
  1478 | D:3      | Reached skill level 1 in Shields
  1478 | D:3      | Reached XP level 4. HP: 17/40 MP: 6/6
  1478 | D:3      | Reached XP level 5. HP: 20/46 MP: 7/7
  2023 | D:4      | Reached skill level 5 in Invocations
  2027 | D:4      | Reached XP level 6. HP: 49/53 MP: 8/8
  2185 | D:4      | Found a runed door.
  2228 | D:4      | Found Teemagi's Gadget Boutique.
  2591 | D:4      | Reached skill level 5 in Fighting
  2667 | D:4      | Found a bloodstained altar of Trog.
  2745 | D:4      | Noticed Grinder
  2766 | D:4      | Zin protects you from harm!
  2767 | D:4      | Killed from afar by Grinder

Vault maps used:
D:1:      minmay_arrival_semitransparent
D:2:      kennysheep_potato
D:4:      serial_shops, shop, bloody_trog, uniq_blork_the_orc, uniq_purgy,
          uniq_grinder, uniq_crazy_yiuf_cottage

Skill      XL: |  1  2  3  4  5  6 |
---------------+-------------------+-----
Long Blades    | 4 5 |  5.7
Fighting       | 3 4 5 |  5.0
Armour         | 1 2 |  2.7
Dodging        | 2 |  2.9
Shields        | 1 2 |  2.2
Invocations    | 5 |  5.1

Action                   |  1- 3 |  4- 6 || total
-------------------------+-------+-------++-------
Melee: Falchion          |   114 |   102 ||   216
       Headbutt          |    17 |    22 ||    39
Invok: Recite            |     1 |     2 ||     3
       Vitalisation      |       |     1 ||     1
  Eat: Chunk             |     2 |     4 ||     6
Armor: Robe              |     1 |       ||     1
       Chain mail        |    88 |    32 ||   120
Dodge: Dodged            |    54 |    30 ||    84
Block: Buckler           |     2 |    14 ||    16
       Rpst.: Falchion   |    14 |     7 ||    21

Table legend:
 A = Spawn XP
 B = Non-spawn XP
 C = Spawn XP percentage of total XP
 D = Spawn monster count
 E = Non-spawn monster count
 F = Spawn count percentage of total count
 G = Total turns spent on level
                    A         B        C        D         E        F      G
               +---------+---------+-------+---------+---------+-------+---------
         Total |       0 |     700 |   0.0 |       0 |      81 |   0.0 |  2767
               +---------+---------+-------+---------+---------+-------+---------
           D:1 |       0 |      27 |   0.0 |       0 |      16 |   0.0 |   781
           D:2 |       0 |      55 |   0.0 |       0 |      30 |   0.0 |   578
           D:3 |       0 |     248 |   0.0 |       0 |      19 |   0.0 |   640
           D:4 |       0 |     370 |   0.0 |       0 |      16 |   0.0 |   768
               +---------+---------+-------+---------+---------+-------+---------
